 Dungeon Crawl Stone Soup version 0.30.0-30-g96aa6591b8 (webtiles) character file.

Game seed: 12728404834038160248

49 coffeetime the Chopper (level 3, 0/33 HPs)
             Began as a Hill Orc Monk on June 28, 2023.
             Succumbed to an adder's poison
             ... on level 1 of the Dungeon.
             The game lasted 00:03:22 (1014 turns).

coffeetime the Chopper (Hill Orc Monk)              Turns: 1014, Time: 00:03:22

Health: 0/33       AC:  2    Str: 15    XL:     3   Next: 75%
Magic:  3/3        EV: 12    Int: 10    God:
Gold:   128        SH:  0    Dex: 13    Spells: 2/2 levels left

rFire   . . .        a - +0 hand axe
rCold   . . .        (no shield)
rNeg    . . .        b - +0 robe
rPois   .            (no helmet)
rElec   .            (no cloak)
rCorr   .            (no gloves)
SInv    .            (no boots)
Will    .....        (no amulet)
Stlth   +            (no ring)
HPRegen 0.25/turn    (no ring)
MPRegen 0.08/turn

%: no passive effects
@: lethally poisoned (0 -> -7)
A: no striking features
a: no special abilities


You were on level 1 of the Dungeon.
You visited 1 branch of the dungeon, and saw 2 of its levels.

You collected 128 gold pieces.

Inventory:

Hand Weapons
 a - a +0 hand axe (weapon)
 l - a +0 short sword
Missiles
 h - 15 stones (quivered)
Armour
 b - a +0 robe (worn)
 d - an orb of light
Jewellery
 o - a ring of ice
Scrolls
 g - a scroll of torment {unknown}
 i - 3 scrolls of identify {unknown}
 k - a scroll of magic mapping {unknown}
 n - a scroll of poison {unknown}
 p - a scroll of butterflies {unknown}
Potions
 c - a potion of ambrosia
 e - 2 potions of resistance {unknown}
 f - 2 potions of brilliance {unknown}
 j - a potion of flight {unknown}
 m - a potion of might {unknown}


   Skills:
 + Level 4.1 Fighting
 + Level 4.9 Axes
 + Level 0.2 Throwing
 + Level 2.8 Dodging
 + Level 0.5 Stealth


You had 2 spell levels left.
You didn't know any spells.
Your spell library was empty.

Dungeon Overview and Level Annotations

Branches:
Dungeon (2/15)

Altars:

Annotations:
D:2 Sigmund


Message History

You see here a +0 short sword.
Things that are here:
a jackal corpse; a jackal corpse Sigmund points at you and mumbles some strange words.
You are confused.
Sigmund hits you from afar with a +2 scythe of protection.
You bump into the rock wall.
Sigmund casts a spell.
Sigmund flickers and vanishes!
Deactivating autopickup; reactivate with Ctrl-A.
You feel less confused. Something hits you! The adder closely misses you.
The adder attacks as you move away! The adder bites you.
The adder bites you but does no damage. The adder closely misses you.
There is a stone staircase leading up here.
The adder closely misses you. The adder barely misses you.
You climb upwards.
Reactivating autopickup.
There is a stone staircase leading down here.
The adder attacks as you move away! The adder barely misses you.
The adder attacks as you move away! The adder bites you. The adder bites you.
You barely miss the adder. The adder closely misses you.
You hit the adder but do no damage. The adder completely misses you.
The adder bites you.
You are poisoned.
The adder poisons you!
You hit the adder but do no damage.
You feel sick. The adder bites you.
You hit the adder but do no damage. Your punch misses the adder.
You feel sick. The adder bites you.
* * * LOW HITPOINT WARNING * * *
You closely miss the adder.
You feel sick.
You are no longer poisoned.
The adder closely misses you. The adder bites you.
* * * LOW HITPOINT WARNING * * *
You are lethally poisoned!
The adder poisons you!
You barely miss the adder.
You die...

...#....####.#####......#.#
......#.# #.# #..###.#.#
...####.# #.# #..# #.#.#
.....)..# #.# #..# #.#.#
..####..# #.# #..# #.#.#
### #..# #.# #..# #.#.#
######..# #.# #..#
#.#.####### ........#
#>#####..# #.#........
######.## #...S@..##
#.#...##### .## #.#
#######.# #..###.##
..####.### #.# #.#####.#
#........# #.# #....##.#
.#.......# #.# #.##.##.#
#######..# #.# ##.#.#.##
...## #..# #.## ##...##
....###..# #..# ##.##
.รท...##..# ##.# #.#


You could see an adder.

Vanquished Creatures
  A worm (D:2)
  A dart slug (D:1)
  4 ball pythons
  3 bats (D:1)
  3 endoplasms
  2 giant cockroaches
  4 goblins (D:1)
  A hobgoblin (D:1)
  3 jackals
  A quokka (D:2)
  A frilled lizard (D:1)
  8 kobolds
  6 rats
38 creatures vanquished.

Notes
Turn   | Place    | Note
-------+----------+-------------------------------------------
     0 | D:1      | coffeetime the Hill Orc Monk began the quest for the Orb.
     0 | D:1      | Reached XP level 1. HP: 19/19 MP: 1/1
   143 | D:1      | Reached XP level 2. HP: 20/27 MP: 2/2
   490 | D:1      | Reached XP level 3. HP: 27/33 MP: 3/3
   976 | D:2      | Noticed Sigmund
  1013 | D:1      | HP: 1/33 [adder (4)]
  1014 | D:1      | Succumbed to an adder's poison

Illustrated notes

Levels and vault maps discovered:
D:1:      psy_arrival_dodecagon, layout_loops_ring, minmay_split_cup_small
D:2:      layout_rooms, uniq_terence, uniq_sigmund

Skill      XL: |  1  2 |
---------------+-------+-----
Fighting       | 4 |  4.1
Axes           | |  4.9
Throwing       | |  0.2
Dodging        | |  2.8
Stealth        | |  0.5

Action                     || total
---------------------------++-------
  Melee: Hand axe          ||   125
         Punch             ||     1
  Throw: Stone             ||     3
   Stab: Sleeping          ||     3
 Armour: Robe              ||    21
  Dodge: Dodged            ||    84
